 Dungeon Crawl Stone Soup version 0.21-a0-88-g13b9641 (webtiles) character file.

2724 KristoblXynda the Protected (level 9, -1/64 HPs)
             Began as a Barachi Fighter on June 23, 2017.
             Was a Believer of Cheibriados.
             Slain by a two-headed ogre
             ... wielding a +0 giant club
              (11 damage)
             ... on level 7 of the Dungeon on June 26, 2017.
             The game lasted 00:13:18 (7494 turns).

KristoblXynda the Protected (Barachi Fighter)       Turns: 7494, Time: 00:13:19

Health: -1/64      AC: 14    Str: 24    XL:     9   Next: 67%
Magic:  0/9        EV:  7    Int: 16    God:    Cheibriados [**....]
Gold:   307        SH: 13    Dex: 16    Spells: 8/8 levels left

rFire    . . .     SeeInvis .   a - +0 long sword
rCold    . . .     Gourm    .   c - +1 shield
rNeg     . . .     Faith    .   D - +0 chain mail
rPois    .         Spirit   +   v - +0 helmet
rElec    .         Reflect  .   C - +0 cloak
rCorr    .         Harm     .   (no gloves)
MR       .....                  (no boots)
Stlth    ..........             o - amulet of guardian spirit
HPRegen  0.20/turn              (no ring)
MPRegen  0.11/turn              (no ring)

@: can't hop, very slow
A: +LOS, swims, slowness 1, strong legs 1
a: Hop, Bend Time, Renounce Religion


You were on level 7 of the Dungeon.
You worshipped Cheibriados.
Cheibriados was pleased with you.
You were not hungry.

You visited 2 branches of the dungeon, and saw 8 of its levels.
You also visited: Sewer.

You collected 307 gold pieces.

Inventory:

Hand Weapons
 a - a +0 long sword (weapon)
Armour
 c - a +1 shield (worn)
 v - a +0 helmet (worn)
 C - a +0 cloak (worn)
 D - a +0 chain mail (worn)
Jewellery
 o - an amulet of guardian spirit (around neck)
Wands
 b - a wand of polymorph (9/24)
Scrolls
 e - 6 scrolls of remove curse
 i - 4 scrolls of teleportation
 j - 2 scrolls of amnesia
 n - 2 scrolls of blinking
 p - a scroll of magic mapping
 r - a scroll of recharging
 w - a scroll of identify
 y - a scroll of enchant armour
 z - a scroll of brand weapon {unknown}
Potions
 h - a potion of heal wounds
 k - 2 potions of cancellation
 m - a potion of lignification
 s - a potion of agility
 t - a potion of brilliance
 u - 2 potions of curing
 x - 4 potions of magic
 A - 3 potions of flight
 B - a potion of invisibility
Books
 d - a book of Frost

   Spells                             Type                      Level
   a - Freeze                         Ice                          1
   b - Throw Frost                    Conjuration/Ice              2
   c - Ozocubu's Armour               Charms/Ice                   3
   d - Throw Icicle                   Conjuration/Ice              4
   e - Summon Ice Beast               Ice/Summoning                4
 q - a book of Minor Magic

   Spells                             Type                      Level
   a - Magic Dart                     Conjuration                  1
   b - Blink                          Translocation                2
   c - Call Imp                       Summoning                    2
   d - Slow                           Hexes                        2
   e - Conjure Flame                  Conjuration/Fire             3
   f - Mephitic Cloud                 Conjuration/Poison/Air       3
Comestibles
 f - 6 bread rations
 g - 2 royal jellies
 l - a meat ration


   Skills:
 - Level 3.6 Fighting
 + Level 9.5 Long Blades
 + Level 9.7 Armour
 + Level 8.5 Shields


You had 8 spell levels left.
You didn't know any spells.

Dungeon Overview and Level Annotations

Branches:
Dungeon (7/15)             Temple (1/1) D:4

Altars:
Ashenzari
Cheibriados
Dithmenos
Elyvilon
Fedhas
Hepliaklqana
Kikubaaqudgha
Makhleb
Nemelex Xobeh
Okawaru
Qazlal
Ru
Sif Muna
Trog
Uskayaw
Vehumet
Xom
Yredelemnul
Zin
The Shining One

Shops:
D:4 ?


Innate Abilities, Weirdness & Mutations

Shadows flee at your approach. (+LOS)
You can swim through water.
You cover ground slowly.
You can hop short distances.


Message History

You feel much better. The two-headed ogre barely misses you.
The two-headed ogre hits you with a giant club!!
You completely miss the two-headed ogre.
The two-headed ogre is moderately wounded.
You block the two-headed ogre's attack. x2
You slash the two-headed ogre!
The two-headed ogre is heavily wounded.
The two-headed ogre hits you with a giant club.
You block the two-headed ogre's attack.
You hit the two-headed ogre but do no damage.
The two-headed ogre is heavily wounded.
You barely miss the two-headed ogre.
The two-headed ogre is heavily wounded.
You block the two-headed ogre's attack.
The two-headed ogre hits you with a giant club!!
* * * LOW HITPOINT WARNING * * *
You slash the two-headed ogre!
The two-headed ogre is severely wounded.
The two-headed ogre hits you with a giant club!
You die...

#[##.##..... ###
#.......#.#
####.####.####
#.#.......# #.#.##.##.#
### ## ####
#.#.##.##.## ... #. ..#
#....#.##..### ####.##.
#.# #..#.#.##....!
........####@#
##...#.##..###
.....#.....#O##
##.....<..#
......$.../...#
####.#####
...##.†.....# #...#
...........##.# #...#
...!..#.##.##.# #...#
..... #. #.##.#
#...###### ####
#.##.##.# #..()<(...
#.......######..(#####.


You could see a two-headed ogre.

Vanquished Creatures
  Joseph (D:7)
  A sky beast (D:5)
  An orc warrior (D:7)
  2 phantoms
  3 centaurs (D:7)
  8 big kobolds (Sewer)
  2 bullfrogs
  2 scorpions
  3 crimson imps
  A quasit (D:7)
  3 bullfrog zombies
  2 hounds
  A bullfrog skeleton (D:5)
  5 orc wizards
  An iguana (D:4)
  9 worker ants
  A worker ant zombie (D:7)
  10 adders
  4 river rats (Sewer)
  6 oozes
  An adder skeleton (D:6)
  3 worms
  6 dart slugs
  8 leopard geckos
  20 orcs
  5 bats
  10 giant cockroaches
  11 goblins
  9 hobgoblins
  3 jackals (D:5)
  7 quokkas
  5 ball pythons
  7 frilled lizards
  11 kobolds
  9 rats
181 creatures vanquished.

Notes
Turn   | Place    | Note
-------+----------+-------------------------------------------
     0 | D:1      | KristoblXynda the Barachi Fighter began the quest for the Orb.
     0 | D:1      | Reached XP level 1. HP: 18/18 MP: 1/1
    90 | D:1      | Reached XP level 2. HP: 23/24 MP: 2/2
   257 | D:1      | Reached XP level 3. HP: 27/29 MP: 3/3
   339 | D:1      | Upgraded the game from 0.21-a0-81-gc5150db to 0.21-a0-88-g13b9641
   879 | D:2      | Reached XP level 4. HP: 33/36 MP: 4/4
  1470 | D:2      | Found a faded altar of an unknown god.
  1470 | D:2      | Found a deep blue altar of Sif Muna.
  1475 | D:2      | Found an ancient bone altar of Kikubaaqudgha.
  1477 | D:2      | Found a hide-covered altar of Uskayaw.
  1478 | D:2      | Found a faded altar of an unknown god.
  1709 | D:3      | Found a glowing drain.
  1853 | Sewer    | Entered a sewer
  2434 | Sewer    | Reached XP level 5. HP: 35/41 MP: 3/5
  2490 | Sewer    | Noticed a big kobold
  2510 | Sewer    | Killed a big kobold
  2510 | Sewer    | Reached skill level 5 in Armour
  2623 | Sewer    | Noticed a big kobold
  2647 | Sewer    | Killed a big kobold
  2647 | Sewer    | Reached skill level 5 in Long Blades
  2647 | Sewer    | Reached XP level 6. HP: 37/47 MP: 4/6
  2781 | Sewer    | Reached skill level 5 in Shields
  2894 | Sewer    | Reached XP level 7. HP: 39/52 MP: 7/7
  3407 | D:3      | Found a shimmering altar of Xom.
  3844 | D:3      | Found a glowing golden altar of the Shining One.
  3844 | D:3      | Found a sacrificial altar of Ru.
  3855 | D:3      | Found a burning altar of Makhleb.
  4187 | D:4      | Reached XP level 8. HP: 26/59 MP: 5/8
  4829 | D:4      | Found Isusane's Magic Scroll Boutique.
  4873 | D:4      | Found a staircase to the Ecumenical Temple.
  4946 | Temple   | Entered the Ecumenical Temple
  4961 | Temple   | Became a worshipper of Cheibriados the Contemplative
  5204 | D:5      | Entered Level 5 of the Dungeon
  5635 | D:5      | Reached * piety under Cheibriados
  6074 | D:6      | Found a sparkling altar of Nemelex Xobeh.
  6172 | D:6      | Reached XP level 9. HP: 58/64 MP: 9/9
  6369 | D:6      | Found a deep blue altar of Sif Muna.
  6411 | D:6      | Identified Sif Muna's Guide on the Rocks
  6922 | D:7      | Noticed Joseph
  6945 | D:7      | Killed Joseph
  7035 | D:7      | Reached ** piety under Cheibriados
  7470 | D:7      | Noticed a two-headed ogre
  7494 | D:7      | Slain by a two-headed ogre

Vault maps used:
D:1:      sevenhm_arrival_forest_fort_large_4, minmay_tetromino_t4
D:2:      cheibrodos_helix_gallery, chequers_temple_overflow_minitemple,
          first_bread
D:3:      overflow_temple_1_default, minmay_overflow_temple_star_quad,
          cheibrodos_sewer_entry_sluice
D:4:      minmay_temple_entry_nine_rooms, serial_shops, kennysheep_mini
D:6:      nemelex_altar_shiori, led_sif_book
D:7:      uniq_joseph
Temple:   cyrus_circular_temple
Sewer:    sewer_co_tree

Skill      XL: |  1  2  3  4  5  6  7  8  9 |
---------------+----------------------------+-----
Armour         | 4 5 6 7 8 9 |  9.7
Long Blades    | 3 4 5 6 8 9 |  9.5
Shields        | 4 5 6 7 8 |  8.5
Fighting       | |  3.6

Action                   |  1- 3 |  4- 6 |  7- 9 || total
-------------------------+-------+-------+-------++-------
Melee: Long sword        |    97 |   227 |   616 ||   940
 Abil: Hop               |       |       |     6 ||     6
Evoke: Wand              |       |       |     2 ||     2
  Use: Scroll            |       |       |    22 ||    22
       Potion            |       |       |     3 ||     3
  Eat: Chunk             |       |     8 |     7 ||    15
       Royal jelly       |       |       |     2 ||     2
       Fruit             |       |       |     1 ||     1
       Meat ration       |       |       |     1 ||     1
Armor: Scale mail        |    38 |    91 |    64 ||   193
       Plate armour      |       |       |   132 ||   132
       Chain mail        |       |       |    82 ||    82
Dodge: Dodged            |    36 |    72 |   128 ||   236
Block: Shield            |    60 |   134 |   405 ||   599
       Rpst.: Long sword |     9 |    27 |    36 ||    72
